 Dungeon Crawl Stone Soup version 0.28.0-53-g5a82cb258f (webtiles) character file.

Game seed: 18312521339754907013

43 Kranky the Grappler (level 3, 0/25 HPs)
             Began as a Gnoll Wanderer on June 24, 2022.
             Slain by Terence
             ... wielding a +0 hand axe
              (4 damage)
             ... on level 2 of the Dungeon.
             The game lasted 00:02:27 (2146 turns).

Kranky the Grappler (Gnoll Wanderer)                Turns: 2146, Time: 00:02:27

Health: 0/25       AC:  5    Str: 13    XL:     3   Next: 58%
Magic:  10/11      EV: 10    Int: 14    God:
Gold:   64         SH:  0    Dex:  8    Spells: 15/16 levels left

rFire   . . .      SeeInvis .   h - +0 rapier
rCold   . . .      Faith    .   (no shield)
rNeg    . . .      Spirit   .   l - +0 ring mail
rPois   .          Reflect  .   (no helmet)
rElec   .          Harm     .   (no cloak)
rCorr   .          Rampage  .   (no gloves)
Will    .....                   (no boots)
Stlth   +.........              (no amulet)
HPRegen 0.08/turn               (no ring)
MPRegen 0.12/turn               (no ring)

@: no status effects
A: fangs 1, strong nose, distributed training
a: no special abilities


You were on level 2 of the Dungeon.
You visited 1 branch of the dungeon, and saw 2 of its levels.

You collected 64 gold pieces.

Inventory:

Hand Weapons
 a - a +0 club
 h - a +0 rapier (weapon)
Missiles
 d - 72 stones
Armour
 e - a +0 robe
 l - a +0 ring mail (worn)
Scrolls
 b - a scroll of summoning
 f - a scroll of fear
 g - 2 scrolls of blinking {unknown}
 i - a scroll of holy word {unknown}
 k - a scroll of amnesia {unknown}
 m - a scroll of teleportation {unknown}
Potions
 j - a potion of mutation {unknown}
Miscellaneous
 c - a piece from Xom's chessboard (15/15)


   Skills:
 + Level 0.8 Fighting
 + Level 0.8 Short Blades
 + Level 0.8 Long Blades
 + Level 0.8 Axes
 + Level 0.8 Maces & Flails
 + Level 0.8 Polearms
 + Level 0.8 Staves
 + Level 0.8 Slings
 + Level 0.8 Bows
 + Level 0.8 Crossbows
 + Level 0.8 Throwing
 + Level 0.8 Armour
 + Level 0.8 Dodging
 + Level 0.8 Stealth
 + Level 0.8 Shields
 + Level 8.5 Unarmed Combat
 + Level 7.1 Spellcasting
 + Level 0.5 Conjurations
 + Level 0.5 Hexes
 + Level 0.5 Summonings
 + Level 0.5 Necromancy
 + Level 0.5 Translocations
 + Level 0.5 Transmutations
 + Level 0.5 Fire Magic
 + Level 0.5 Ice Magic
 + Level 0.5 Air Magic
 + Level 3.7 Earth Magic
 + Level 0.5 Poison Magic
 + Level 1.0 Invocations
 + Level 2.6 Evocations


You had 15 spell levels left.
You knew the following spells:

 Your Spells              Type           Power      Damage    Failure   Level
a - Sandblast             Erth           30%        2d9       6%          1

Your spell library contained the following spells:

 Spells                   Type           Power      Damage    Failure   Level
 Magic Dart               Conj           24%        1d4       24%         1
 Searing Ray              Conj           12%        2d4       34%         2
 Stone Arrow              Conj/Erth      22%        3d8       36%         3
 Fulminant Prism          Conj/Hex       3%         3d6       93%         4


Dungeon Overview and Level Annotations

Branches:
Dungeon (2/15)

Altars:

Annotations:
D:2 Terence


Innate Abilities, Weirdness & Mutations

You have very sharp teeth.
Your uncanny sense of smell can sniff out nearby items.
Your experience applies equally to all skills.


Message History

Casting: Sandblast (safe; 6% risk of failure)
Confirm with . or Enter, or press ? or * to list all spells.
You can't see any susceptible monsters within range! (Use Z to cast anyway.)
Casting: Sandblast (safe; 6% risk of failure)
Confirm with . or Enter, or press ? or * to list all spells.
Aiming: Sandblast (safe; 6% risk of failure)
Press: ? - help, Shift-Dir - straight line, f - Terence
Aim: Terence, wielding a +0 hand axe and wearing a +0 scale mail (82% to hit)
Okay, then.
Casting: Sandblast (safe; 6% risk of failure)
Confirm with . or Enter, or press ? or * to list all spells.
Aiming: Sandblast (safe; 6% risk of failure)
Press: ? - help, Shift-Dir - straight line, f - Terence
Aim: Terence, wielding a +0 hand axe and wearing a +0 scale mail (82% to hit)
The blast of sand hits Terence but does no damage.
Casting: Sandblast (safe; 6% risk of failure)
Confirm with . or Enter, or press ? or * to list all spells.
Aiming: Sandblast (safe; 6% risk of failure)
Press: ? - help, Shift-Dir - straight line, f/p - Terence
Aim: Terence, wielding a +0 hand axe and wearing a +0 scale mail (82% to hit)
The blast of sand hits Terence but does no damage.
You hit Terence but do no damage. Terence barely misses you.
You hit Terence but do no damage. Terence hits you with a +0 hand axe!
You closely miss Terence. Terence hits you with a +0 hand axe.
You hit Terence.
Terence is lightly wounded.
Terence hits you with a +0 hand axe.
You hit Terence.
Terence is moderately wounded.
Terence hits you with a +0 hand axe.
* * * LOW HITPOINT WARNING * * *
You hit Terence but do no damage.
Terence is moderately wounded.
Terence hits you with a +0 hand axe.
* * * LOW HITPOINT WARNING * * *
Terence closely misses you.
You barely miss Terence.
Terence is moderately wounded.
Terence hits you with a +0 hand axe.
You die...

#.... #...# ##...# .... #...
..# #.# #@# #.# #@# ### #.#
##'## ..# #.# ##...## #.# #.###
#####.....## ####.#
#.#.##...#...|...## ##.##.#
####......#..........####...#.#
.....................'........#
#####...##.#.........####...#.#
######..............## ##.##.#


You could see Terence.

Vanquished Creatures
  An adder (D:2)
  4 bats
  5 endoplasms
  2 giant cockroaches (D:1)
  4 goblins (D:1)
  2 hobgoblins (D:1)
  2 jackals (D:2)
  A quokka (D:1)
  2 frilled lizards (D:1)
  3 kobolds
  5 rats (D:1)
31 creatures vanquished.

Notes
Turn   | Place    | Note
-------+----------+-------------------------------------------
     0 | D:1      | Kranky the Gnoll Wanderer began the quest for the Orb.
     0 | D:1      | Kranky set off with the following items: a +0 club, a
                  | scroll of summoning, a piece from Xom's chessboard (15/15),
                  | 24 stones, a +0 robe, a scroll of fear; and the following
                  | spell memorised: Sandblast; and the following spells
                  | available to memorise: Stone Arrow
     0 | D:1      | Reached XP level 1. HP: 13/13 MP: 8/8
   216 | D:1      | Reached XP level 2. HP: 19/19 MP: 10/10
  1389 | D:1      | Reached XP level 3. HP: 23/25 MP: 11/11
  1729 | D:2      | Reached skill level 1 in Invocations
  2135 | D:2      | Noticed Terence
  2146 | D:2      | Slain by Terence

Illustrated notes

Levels and vault maps discovered:
D:1:      saegor_arrival_simple_e, layout_basic, st_stairs_13
D:2:      layout_loops_corners, grunt_ministairs_7, uniq_robin, uniq_terence,
          uniq_sigmund

Skill      XL: |  1  2  3 |
---------------+----------+-----
Invocations    | 1 |  1.0
Fighting       | |  0.8
Short Blades   | |  0.8
Long Blades    | |  0.8
Axes           | |  0.8
Maces & Flails | |  0.8
Polearms       | |  0.8
Staves         | |  0.8
Slings         | |  0.8
Bows           | |  0.8
Crossbows      | |  0.8
Throwing       | |  0.8
Armour         | |  0.8
Dodging        | |  0.8
Stealth        | |  0.8
Shields        | |  0.8
Unarmed Combat | |  8.5
Spellcasting   | |  7.1
Conjurations   | |  0.5
Hexes          | |  0.5
Summonings     | |  0.5
Necromancy     | |  0.5
Translocations | |  0.5
Transmutations | |  0.5
Fire Magic     | |  0.5
Ice Magic      | |  0.5
Air Magic      | |  0.5
Earth Magic    | |  3.7
Poison Magic   | |  0.5
Evocations     | |  2.6

Action                   || total
-------------------------++-------
Melee: Rapier            ||    97
       Bite              ||     9
       Punch             ||     3
 Cast: Sandblast         ||     2
 Stab: Sleeping          ||     1
Armor: Robe              ||    20
       Ring mail         ||    10
Dodge: Dodged            ||    52
